 Dungeon Crawl Stone Soup version 0.31-a0-740-g87205ac768 (webtiles) character file.

Game seed: 1319409669715907439

8039 ytrimaz the Covert (level 11, -5/63 HPs)
             Began as an Octopode Shapeshifter on Sept 12, 2023.
             Was a Follower of Ashenzari.
             Shot with an arrow by a centaur (13 damage)
             ... on level 9 of the Dungeon.
             The game lasted 00:10:44 (6609 turns).

ytrimaz the Covert (Octopode Shapeshifter)          Turns: 6609, Time: 00:10:45

Health: -5/63      AC:  1    Str: 14    XL:     11   Next: 24%
Magic:  11/11      EV: 13    Int: 12    God:    Ashenzari [*.....]
Gold:   390        SH:  0    Dex: 16    Spells: 10/10 levels left

rFire   . . .        n - +6 arbalest "Damnation" {damnation}
rCold   + . .        (shield currently unavailable)
rNeg    . . .        (helmet currently unavailable)
rPois   .            f - amulet of Ashenzari's Repose {RegenMP, Self, Comp} (curse)
rElec   .            o - ring of the Unveiling Sybil {rC+, Elem, Comp} (curse)
rCorr   +            x - ring of resist corrosion
SInv    .            (no ring)
Will    .....        (no ring)
Stlth   +++++++      (no ring)
HPRegen 0.30/turn    (no ring)
MPRegen 0.52/turn    (no ring)
                     (no ring)

%: no passive effects
@: beast-form
A: beast (slay +4), almost no armour, amphibious, 8 rings, camouflage 1,
gelatinous body 1, (nimble swimmer 1), tentacles
a: Begin Untransformation, Renounce Religion, Shatter the Chains


You were on level 9 of the Dungeon.
You worshipped Ashenzari.
Ashenzari was aware of your devotion.
You were a hulking beast.
You visited 2 branches of the dungeon, and saw 10 of its levels.

You collected 489 gold pieces.
You spent 99 gold pieces at shops.


Innate Abilities, Weirdness & Mutations

You are a hulking beast.
Your limbs bulge with bestial killing power. (Slay +4)
You cannot wear most types of armour.
You are amphibious.
You can wear up to eight rings at the same time.
Your skin changes colour to match your surroundings (Stealth+).
Your rubbery body absorbs attacks. (AC +1, EV +1)
((You are camouflaged when in or above water. (Stealth+)))
You have tentacles for arms and can constrict up to eight enemies at once.


   Skills:
 - Level 1.0(1.4) Fighting
 + Level 11.0 Ranged Weapons
 - Level 2.0 Dodging
 + Level 13.8 Stealth
 - Level 5.7 Unarmed Combat
 - Level 7.1 Shapeshifting


You had 10 spell levels left.
You didn't know any spells.
Your spell library contained the following spells:

 Spells                   Type           Power      Damage    Failure   Level
 Tukima's Dance           Hex            0%         N/A       69%         3
 Passage of Golubria      Tloc           0%         N/A       97%         4
 Yara's Violent Unravell  Hex/Tmut       0%         3d3       100%        5

Inventory:

Hand Weapons
 n - the +6 arbalest "Damnation" (weapon) {damnation}
   (You found it on level 4 of the Dungeon)
Jewellery
 f - the cursed amulet of Ashenzari's Repose (around mantle) {RegenMP, Self, Comp}
   (You found it on level 1 of the Dungeon)

   [amulet of magic regeneration]

   RegenMP:   It increases your rate of magic regeneration.
   It has a curse which improves the following skills: Introspection: Fighting
   and Spellcasting.
   Companions: Summonings and Necromancy.
 o - the cursed ring of the Unveiling Sybil (left tentacle) {rC+, Elem, Comp}
   (You found it on level 4 of the Dungeon)

   [ring of protection from cold]

   rC+:       It protects you from cold.
   It has a curse which improves the following skills: Elements: Fire Magic, Ice
   Magic, Air Magic and Earth Magic.
   Companions: Summonings and Necromancy.
 x - a ring of resist corrosion (right tentacle)
   (You found it on level 7 of the Dungeon)
 y - an amulet of guardian spirit
   (You found it on level 7 of the Dungeon)
Talismans
 b - a beast talisman (active)
 c - a flux talisman
 s - a serpent talisman
   (You found it on level 5 of the Dungeon)
Wands
 z - a wand of flame (17)
   (You found it on level 7 of the Dungeon)
Scrolls
 g - 3 scrolls of vulnerability
 k - a scroll of fog
 m - a scroll of amnesia
 q - a scroll of noise
 r - 3 scrolls of identify
 t - 3 scrolls of brand weapon
 u - a scroll of teleportation
 w - a scroll of blinking
 A - a scroll of enchant armour
 B - a scroll of poison
Potions
 a - 2 potions of lignification
 d - a potion of enlightenment
 e - a potion of resistance
 h - 2 potions of mutation
 i - 2 potions of heal wounds
 j - a potion of might
 l - 3 potions of degeneration
 p - a potion of attraction
 v - 2 potions of haste

Dungeon Overview and Level Annotations

Branches:
Dungeon (9/15) Zot: 26865  Temple (1/1) D:7 Zot: 5953
   Lair: D:8-11         Orc: D:9-12

Altars:
Ashenzari
Cheibriados
Dithmenos
Gozag
Hepliaklqana
Kikubaaqudgha
Nemelex Xobeh
Okawaru
Qazlal
Ru
Sif Muna
Trog
Uskayaw
Vehumet
Wu Jian
Xom
Yredelemnul
Zin

Shops:
D:6

* #) #.# ).
... #. #..
#. #.# . #.
#.# c. #.
#.#)#
#.##.ยง#
#.h|)#
####.# #.##
#..## ##..##
##..#
##########.#
#..........#
#.#####..#.#


You could see a centaur.


Message History

Press: ? - help, Q - select action, (/) - cycle Shift-Dir - straight line, f - howler monkey
Aim: a howler monkey (68% to hit)
You shoot a damnation bolt.
The damnation bolt hits the howler monkey.
The damnation bolt explodes!
The damnation engulfs the howler monkey!
You kill the howler monkey!
The damnation engulfs the centaur!
The damnation engulfs something!!
Reactivating autopickup.
You feel a bit more experienced.
You hear a bellow!
The centaur unwields the +9 dagger "Laoplaz" {heavy, *Slow rCorr Str+7}.
The centaur wields a +2 heavy shortbow.
The centaur shoots an arrow.
The arrow hits you!
* * * LOW HITPOINT WARNING * * *
๐Ÿ˜ฑ HP[-12]
You take 12 damage, and now have 14/63 hp.
Fire: n) +6 arbalest "Damnation" {damnation}
Press: ? - help, Q - select action, (/) - cycle Shift-Dir - straight line, f - centaur
Aim: a centaur, wielding a +2 heavy shortbow (heavily wounded, 79% to hit)
You shoot a damnation bolt. The damnation bolt hits the centaur!
You kill the centaur!
The damnation bolt explodes!
You hear a shout!
Fire: n) +6 arbalest "Damnation" {damnation}
Press: ? - help, Q - select action, (/) - cycle Shift-Dir - straight line, f - you That would be overly suicidal.
Okay, then.
A boulder beetle comes into view. ๐Ÿ˜ฑ HP[+1]
A boulder beetle is nearby!
Unknown command.
Fire: n) +6 arbalest "Damnation" {damnation}
Press: ? - help, Q - select action, (/) - cycle Shift-Dir - straight line, f - boulder beetle
Aim: a boulder beetle (92% to hit)
You shoot a damnation bolt.
The damnation bolt hits the boulder beetle!!
The damnation bolt explodes!
The damnation engulfs the boulder beetle!
You hear a shout!
Fire: n) +6 arbalest "Damnation" {damnation}
Press: ? - help, Q - select action, (/) - cycle Shift-Dir - straight line, f/p - boulder beetle
Aim: a boulder beetle (heavily wounded, 92% to hit)
You shoot a damnation bolt.
The damnation bolt hits the boulder beetle.
The damnation bolt explodes!
The damnation engulfs the boulder beetle!!
The boulder beetle leaps!
An acid dragon comes into view. ๐Ÿ˜จ HP[+1] Fire: n) +6 arbalest "Damnation" {damnation}
Press: ? - help, Q - select action, (/) - cycle Shift-Dir - straight line, f/p - boulder beetle
Aim: a boulder beetle (almost dead, 92% to hit)
You shoot a damnation bolt. The acid dragon roars!
The damnation bolt hits the acid dragon!!
The damnation bolt explodes!
The damnation engulfs the acid dragon!!
You kill the acid dragon!
The damnation engulfs the boulder beetle!!
You kill the boulder beetle!
A kobold demonologist comes into view. It is wielding a staff of earth.
Your Ranged Weapons skill increases to level 11!
Fire: n) +6 arbalest "Damnation" {damnation}
Press: ? - help, Q - select action, (/) - cycle Shift-Dir - straight line, f - kobold demonologist
Aim: a kobold demonologist, wielding a staff of earth and wearing a +0 robe (63% to hit)
You shoot a damnation bolt.
The damnation bolt closely misses the kobold demonologist.
Fire: n) +6 arbalest "Damnation" {damnation}
Press: ? - help, Q - select action, (/) - cycle Shift-Dir - straight line, f/p - kobold demonologist
Aim: a kobold demonologist, wielding a staff of earth and wearing a +0 robe (63% to hit)
You shoot a damnation bolt.
The damnation bolt hits the kobold demonologist!
The damnation bolt explodes!
The damnation engulfs the kobold demonologist!!
The kobold demonologist mumbles some strange words.
An orc wizard comes into view.
It is wielding a +2 dagger of distortion. ๐Ÿ˜จ HP[+1] Fire: n) +6 arbalest "Damnation" {damnation}
Press: ? - help, Q - select action, (/) - cycle Shift-Dir - straight line, f/p - kobold demonologist
Aim: a kobold demonologist, wielding a staff of earth and wearing a +0 robe (severely wounded, 63% to hit)
You shoot a damnation bolt.
The damnation bolt closely misses the kobold demonologist.
The kobold demonologist barely misses you.
A centaur comes into view. It is wielding a +0 rapier.
Unknown command.
Fire: n) +6 arbalest "Damnation" {damnation}
Press: ? - help, Q - select action, (/) - cycle Shift-Dir - straight line, f/p - kobold demonologist
Aim: a kobold demonologist, wielding a staff of earth and wearing a +0 robe (severely wounded, 63% to hit)
You shoot a damnation bolt.
The damnation bolt hits the kobold demonologist!
You kill the kobold demonologist!
The ice devil disappears in a puff of smoke!
The damnation bolt explodes!
The centaur unwields a +0 rapier.
The centaur wields a +0 shortbow.
The centaur shoots an arrow.
The arrow hits you!
* * * LOW HITPOINT WARNING * * *
The centaur shoots an arrow.
The arrow hits you!
You die...

Skill      XL: |  1  2  3  4  5  6  7  8  9 10 11 |
---------------+----------------------------------+-----
Unarmed Combat | 4 5 |  5.7
Shapeshifting  | 4 5 6 7 |  7.1
Ranged Weapons | 3 5 8 10 11 | 11.0
Stealth        | 4 10 12 13 | 13.8
Fighting       | |  1.0
Dodging        | |  2.0

Action                     |  1- 3 |  4- 6 |  7- 9 | 10-12 || total
---------------------------+-------+-------+-------+-------++-------
  Melee: Unarmed           |    56 |   114 |       |       ||   170
         Constrict         |    10 |    26 |       |       ||    36
         Tentacles         |    10 |    19 |       |       ||    29
         Punch             |     2 |     6 |       |       ||     8
   Fire: Arbalest          |       |     3 |   115 |    55 ||   173
 Invoke: Curse Item        |       |       |       |     2 ||     2
    Use: Scroll            |       |     6 |     1 |       ||     7
         Potion            |       |     2 |       |       ||     2
   Stab: Sleeping          |     7 |     4 |       |       ||    11
 Armour: Skin              |    18 |    62 |    16 |     9 ||   105
  Dodge: Dodged            |    31 |    61 |    18 |     6 ||   116

Levels and vault maps discovered:
D:1:      dpeg_arrival_yet_another_circle, layout_basic
D:2:      layout_basic, basic_altar, wander_ebering_terrifying_dragon_lair
D:3:      minmay_skewed_foursquare, layout_basic
D:4:      minmay_octagon_keep, layout_basic
D:5:      layout_basic, lemuel_crystal_altar, regret_index_temple_of_mockery,
          uniq_sigmund, uniq_eustachio, uniq_edmund
D:6:      layout_loops_cross, nicolae_overflow_hidden_temple, serial_shops,
          nicolae_shop_back_alley_shop, minmay_lizard_king
D:7:      layout_basic, mainiacjoe_overflow_small_starburst,
          minmay_temple_entry_enclosed_plants
D:8:      layout_rooms, minivault_26, disabler_island
D:9:      minmay_the_grid_octo_tiled_squarecenter [minmay_the_grid_octo_chip,
          minmay_the_grid_octo_clover_2, minmay_the_grid_octo_checkerflower,
          minmay_the_grid_octo_focus,
          minmay_the_grid_square_5x5_megaprize_diamond,
          minmay_the_grid_square_5x5_three, minmay_the_grid_square_5x5_inset,
          minmay_the_grid_square_5x5_tie, minmay_the_grid_square_5x5_two_small],
          layout_loops_corners, serial_ice, serial_ice_d, serial_ice_b,
          serial_ice_h, serial_ice_o, gammafunk_ghost_hydra_chop,
          nicolae_nh_ransacked_shop
Temple:   dshaligram_water_room_temple

Notes
Turn   | Place    | Note
-------+----------+-------------------------------------------
     0 | D:1      | ytrimaz the Octopode Shapeshifter began the quest for the
                  | Orb.
     0 | D:1      | Reached XP level 1. HP: 13/13 MP: 1/1
     0 | D:1      | magus.rc [v1.9.6]
    51 | D:1      | Reached XP level 2. HP: 12/18 MP: 2/2
   718 | D:2      | Reached XP level 3. HP: 23/23 MP: 3/3
  1053 | D:2      | HP: 5/23 [worm (10)]
  1070 | D:2      | Reached skill level 4 in Unarmed Combat
  1070 | D:2      | Reached XP level 4. HP: 11/28 MP: 4/4
  1203 | D:2      | Reached skill level 4 in Shapeshifting
  1237 | D:2      | Found a sparkling altar of Nemelex Xobeh.
  1699 | D:3      | Reached XP level 5. HP: 33/33 MP: 5/5
  2243 | D:3      | Reached skill level 5 in Unarmed Combat
  2284 | D:3      | Identified the +2 leather armour of Springtime {Dex+3}
  2374 | D:4      | Noticed an ogre
  2382 | D:4      | Killed an ogre
  2383 | D:4      | Reached skill level 5 in Shapeshifting
  2383 | D:4      | Reached XP level 6. HP: 36/38 MP: 6/6
  2856 | D:4      | Found the +6 arbalest "Damnation" {damnation}
  3326 | D:4      | Reached XP level 7. HP: 40/40 MP: 7/7
  3730 | D:5      | Entered Level 5 of the Dungeon
  3757 | D:5      | Reached skill level 1 in Ranged Weapons
  3766 | D:5      | Reached skill level 2 in Ranged Weapons
  3773 | D:5      | Reached skill level 6 in Shapeshifting
  3812 | D:5      | Noticed Eustachio
  3819 | D:5      | Killed Eustachio
  3820 | D:5      | Reached skill level 3 in Ranged Weapons
  3861 | D:5      | Identified the +5 spear of the Egg {holy, rElec rCorr Dex-4
                  | Stlth+}
  3899 | D:5      | Noticed Edmund
  3902 | D:5      | Killed Edmund
  3902 | D:5      | Noticed Sigmund
  3903 | D:5      | Reached XP level 8. HP: 48/48 MP: 8/8
  3909 | D:5      | Reached skill level 4 in Ranged Weapons
  3912 | D:5      | Killed Sigmund
  3913 | D:5      | Reached skill level 7 in Shapeshifting
  3947 | D:5      | Found a radiant altar of Vehumet.
  4016 | D:5      | Identified the +6 mace of Suot {heavy, rElec Str+4 Dex+2
                  | SInv}
  4128 | D:5      | Found a shimmering altar of Xom.
  4129 | D:5      | Found a hazy altar of Hepliaklqana.
  4129 | D:5      | Noticed a tentacled monstrosity
  4130 | D:5      | Noticed a spectral ugly thing
  4130 | D:5      | Noticed a tentacled monstrosity
  4319 | D:5      | Reached skill level 1 in Stealth
  4340 | D:5      | Reached skill level 5 in Ranged Weapons
  4343 | D:5      | Reached skill level 2 in Stealth
  4420 | D:6      | Reached skill level 3 in Stealth
  4602 | D:6      | Found Heprytte's Assorted Antiques.
  4606 | D:6      | Bought a scroll labelled VAIDWASTR DAZUW for 21 gold pieces
  4606 | D:6      | Bought a scroll labelled VAIDWASTR DAZUW for 21 gold pieces
  4606 | D:6      | Bought a scroll labelled IMUOKHL HI OWNA for 21 gold pieces
  4606 | D:6      | Bought a viscous red potion for 18 gold pieces
  4606 | D:6      | Bought a viscous red potion for 18 gold pieces
  4621 | D:6      | You add the spells Tukima's Dance, Passage of Golubria and
                  | Yara's Violent Unravelling to your library.
  4773 | D:6      | Reached skill level 4 in Stealth
  4779 | D:6      | Reached XP level 9. HP: 53/53 MP: 9/9
  4785 | D:6      | Reached skill level 6 in Ranged Weapons
  4871 | D:6      | Found a snail-covered altar of Cheibriados.
  5099 | D:7      | Reached skill level 5 in Stealth
  5166 | D:7      | Found a staircase to the Ecumenical Temple.
  5172 | Temple   | Entered the Ecumenical Temple
  5202 | Temple   | Became a worshipper of Ashenzari the Shackled
  5261 | D:7      | Reached skill level 6 in Stealth
  5366 | D:7      | Reached skill level 7 in Ranged Weapons
  5366 | D:7      | Reached skill level 7 in Stealth
  5500 | D:7      | Found a sparkling altar of Nemelex Xobeh.
  5703 | D:8      | Reached skill level 8 in Stealth
  5707 | D:8      | HP: 12/53 [centaur/arrow (8)]
  5709 | D:8      | Noticed a two-headed ogre
  5710 | D:8      | HP: 1/53 [centaur/arrow (13)]
  5712 | D:8      | Reached skill level 8 in Ranged Weapons
  5999 | D:8      | Killed a two-headed ogre
  6000 | D:8      | Reached skill level 10 in Stealth
  6000 | D:8      | Reached XP level 10. HP: 58/58 MP: 10/10
  6063 | D:8      | Reached skill level 9 in Ranged Weapons
  6065 | D:8      | Noticed an oklob plant
  6068 | D:8      | Killed an oklob plant
  6127 | D:8      | Noticed an oklob plant
  6129 | D:8      | Killed an oklob plant
  6130 | D:8      | Reached skill level 11 in Stealth
  6130 | D:8      | Noticed an oklob plant
  6133 | D:8      | Killed an oklob plant
  6509 | D:9      | Reached * piety under Ashenzari
  6514 | D:9      | Reached skill level 12 in Stealth
  6521 | D:9      | Reached skill level 10 in Ranged Weapons
  6584 | D:9      | Noticed a salamander
  6587 | D:9      | Killed a salamander
  6591 | D:9      | Reached XP level 11. HP: 28/63 MP: 11/11
  6594 | D:9      | Reached skill level 13 in Stealth
  6594 | D:9      | Noticed a wizard
  6596 | D:9      | Identified the +9 dagger "Laoplaz" {heavy, *Slow rCorr
                  | Str+7}
  6599 | D:9      | Killed a wizard
  6599 | D:9      | HP: 14/63 [centaur/arrow (13)]
  6602 | D:9      | Noticed a boulder beetle
  6605 | D:9      | Killed a boulder beetle
  6606 | D:9      | Reached skill level 11 in Ranged Weapons
  6609 | D:9      | HP: 8/63 [centaur/arrow (10)]
  6609 | D:9      | Shot with an arrow by a centaur

Vanquished Creatures
  A two-headed ogre (D:8)
  A boulder beetle (D:9)
  A wizard (D:9)
  3 oklob plants (D:8)
  A salamander (shapeshifter) (D:9)
  A kobold demonologist (D:9)
  A hornet (D:8)
  A troll (D:9)
  Sigmund (D:5)
  2 wyverns
  A wraith (D:9)
  A yak (D:9)
  Eustachio (D:5)
  A steam dragon (D:7)
  Edmund (D:5)
  An acid dragon (D:9)
  A floating eye (D:8)
  An orc warrior (D:9)
  2 sky beasts
  2 ogres
  7 centaurs
  A phantom (D:7)
  4 scorpions
  2 gnoll sergeants (D:7)
  4 bullfrogs
  8 killer bees
  2 howler monkeys
  A jelly (D:5)
  2 hounds
  8 orc priests
  A gnoll bouda (D:6)
  8 orc wizards
  6 iguanas
  15 gnolls
  12 adders
  3 shadow imps
  An ufetubus (D:4)
  4 dart slugs
  5 worms
  30 orcs
  3 ball pythons
  5 bats
  10 endoplasms
  3 giant cockroaches
  6 goblins
  3 hobgoblins
  2 jackals (D:4)
  7 quokkas
  12 frilled lizards
  8 kobolds
  4 rats
212 creatures vanquished.

Vanquished Creatures (collateral kills)
  An orc (D:8)
1 creature vanquished.

Grand Total: 213 creatures vanquished

Table legend:
 A = Non-vault XP
 B = Vault XP
 C = Vault XP percentage of total XP
 D = Non-vault monster count
 E = Vault monster count
 F = Vault count percentage of total count
                 A         B        C        D         E       F
            +---------+---------+-------+---------+---------+-------
      Total |    5777 |    6079 |  51.3 |     165 |      48 |  22.5
            +---------+---------+-------+---------+---------+-------
        D:1 |      29 |       0 |   0.0 |      15 |       0 |   0.0
        D:2 |      87 |       1 |   1.1 |      18 |       1 |   5.3
        D:3 |     180 |      14 |   7.2 |      23 |       7 |  23.3
        D:4 |     279 |      60 |  17.7 |      19 |       9 |  32.1
        D:5 |     674 |     580 |  46.3 |      21 |       3 |  12.5
        D:6 |     471 |      44 |   8.5 |      17 |       9 |  34.6
        D:7 |    1162 |       0 |   0.0 |      20 |       0 |   0.0
        D:8 |    2133 |    1760 |  45.2 |      24 |       4 |  14.3
        D:9 |     762 |    3620 |  82.6 |       8 |      15 |  65.2
            +---------+---------+-------+---------+---------+-------

Skill      XL: |  1  2  3  4  5  6  7  8  9 10 11 |
---------------+----------------------------------+-----
Unarmed Combat | 4 5 |  5.7
Shapeshifting  | 4 5 6 7 |  7.1
Ranged Weapons | 3 5 8 10 11 | 11.0
Stealth        | 4 10 12 13 | 13.8
Fighting       | |  1.0
Dodging        | |  2.0

Action                     |  1- 3 |  4- 6 |  7- 9 | 10-12 || total
---------------------------+-------+-------+-------+-------++-------
  Melee: Unarmed           |    56 |   114 |       |       ||   170
         Constrict         |    10 |    26 |       |       ||    36
         Tentacles         |    10 |    19 |       |       ||    29
         Punch             |     2 |     6 |       |       ||     8
   Fire: Arbalest          |       |     3 |   115 |    55 ||   173
 Invoke: Curse Item        |       |       |       |     2 ||     2
    Use: Scroll            |       |     6 |     1 |       ||     7
         Potion            |       |     2 |       |       ||     2
   Stab: Sleeping          |     7 |     4 |       |       ||    11
 Armour: Skin              |    18 |    62 |    16 |     9 ||   105
  Dodge: Dodged            |    31 |    61 |    18 |     6 ||   116

Illustrated notes

Table legend:
 A = Kills in this place as a percentage of kills in the entire game.
 B = Kills by you in this place as a percentage of kills by you in the entire game.
 C = Kills by friends in this place as a percentage of kills by friends in the entire game.
 D = Other kills in this place as a percentage of other kills in the entire game.
 E = Experience gained in this place as a percentage of experience gained in the entire game.
 F = Experience gained in this place divided by the number of levels of this place that you have seen.
                   A       B       C       D       E      F
               +-------+-------+-------+-------+-------+----------------------
         Total | 100.0 | 100.0 | 100.0 |   N/A | 100.0 | 1185.6
       Dungeon | 100.0 | 100.0 | 100.0 |   N/A | 100.0 | 1317.3
               +-------+-------+-------+-------+-------+----------------------

Table legend: (Time is in decaauts)
 A = Elapsed time spent in this place.
 B = Non-inter-level travel time spent in this place.
 C = Inter-level travel time spent in this place.
 D = Time resting spent in this place.
 E = Time spent auto-exploring this place.
 F = Levels seen in this place.
 G = Mean time per level.
                   A        B        C        D        E       F      G
               +--------+--------+--------+--------+--------+-----+--------+
         Total |   6690 |   6332 |    358 |    296 |   5021 |  10 |  669.0 |
       Dungeon |   6643 |   6322 |    321 |    296 |   5021 |   9 |  738.1 |
        Temple |     46 |      9 |     37 |      0 |      0 |   1 |   46.0 |
               +--------+--------+--------+--------+--------+-----+--------+

Top non-repeatable levels by time:
     D:4: 1391 daAuts
     D:2: 901 daAuts
     D:7: 846 daAuts
     D:3: 743 daAuts
     D:5: 705 daAuts
     D:1: 687 daAuts
     D:6: 660 daAuts
     D:8: 574 daAuts
     D:9: 133 daAuts
  Temple: 46 daAuts
